 Dungeon Crawl Stone Soup version 0.29.1-12-g30fa7ad0bf (webtiles) character file.

Game seed: 13479392751109703172

83010 rakiston the Slayer (level 15, -1/243 HPs)
             Began as a Minotaur Berserker on Jan 15, 2023.
             Was the Champion of Trog.
             Slain by an orc high priest
             ... wielding a +0 trident
              (4 damage)
             ... on level 2 of the Orcish Mines on Jan 16, 2023.
             The game lasted 01:37:20 (19687 turns).

rakiston the Slayer (Minotaur Berserker)           Turns: 19687, Time: 01:37:22

Health: -1/243     AC: 30    Str: 27    XL:     15   Next: 31%
Magic:  14/14      EV:  9    Int:  4    God:    Trog [******]
Gold:   1676       SH:  0    Dex: 12    Spells: 14/14 levels left

rFire   + . .      SeeInvis .   l - +4 broad axe (flame)
rCold   . . .      Faith    .   (no shield)
rNeg    + . .      Spirit   .   P - +7 plate armour of the Salamander {Slay+3}
rPois   +          Reflect  .   (helmet restricted)
rElec   .          Harm     .   Y - +1 cloak {rC+}
rCorr   .          Rampage  .   (no gloves)
Will    +++..                   C - +1 pair of boots
Stlth   ..........              (no amulet)
HPRegen 1.50/turn               Z - ring of Plog {rPois rF+ rC- rN+ Slay+5}
MPRegen 0.14/turn               k - +4 ring of slaying

@: berserking, strong-willed, spiked, regenerating, very quick
A: horns 2, retaliatory headbutt
a: Renounce Religion, Berserk, Trog's Hand, Brothers in Arms


You were on level 2 of the Orcish Mines.
You worshipped Trog.
Trog was exalted by your worship.
You visited 3 branches of the dungeon, and saw 17 of its levels.
You also visited: Ice Cave and Volcano.

You collected 1866 gold pieces.
You spent 190 gold pieces at shops.

Inventory:

Hand Weapons
 l - a +4 broad axe of flaming (weapon)
 B - a +0 shortbow
 O - a +4 flail of freezing
 S - a +4 vorpal executioner's axe
 T - the +10 dark maul {vorpal}
   (You found it on level 10 of the Dungeon)

   It inflicts extra damage upon your enemies.
 W - a +1 longbow of flaming
 X - a +2 battleaxe of freezing
Missiles
 g - 6 curare-tipped darts
 t - 12 poisoned darts (quivered)
 D - 5 atropa-tipped darts
Armour
 C - a +1 pair of boots (worn)
 P - the +7 plate armour of the Salamander (worn) {Slay+3}
   (You found it on level 10 of the Dungeon)

   Slay:      It affects your accuracy & damage with ranged weapons and melee
   (+3).
 Y - a +1 cloak of cold resistance (worn)
Jewellery
 k - a +4 ring of slaying (right hand)
 q - the ring "Luschak" {rC+++ MP+9 Str+6 Int-3 Slay-6}
   (You found it on level 3 of the Lair of Beasts)

   [ring of magical power]

   Str:       It affects your strength (+6).
   Int:       It affects your intelligence (-3).
   Slay:      It affects your accuracy & damage with ranged weapons and melee
   (-6).
   rC:        It renders you almost immune to cold.
   MP:        It affects your magic capacity (+9).
 A - a ring of resist corrosion
 F - a ring of protection from fire
 K - a +4 ring of protection
 M - a ring of fire
 N - a +4 ring of slaying
 R - a ring of ice
 Z - the ring of Plog (left hand) {rPois rF+ rC- rN+ Slay+5}
   (You found it in an ice cave)

   [ring of positive energy]

   Slay:      It affects your accuracy & damage with ranged weapons and melee
   (+5).
   rF:        It protects you from fire.
   rC:        It makes you vulnerable to cold.
   rPois:     It protects you from poison.
   rN:        It protects you from negative energy.
Wands
 E - a wand of digging (5)
 I - a wand of paralysis (8)
 Q - a wand of polymorph (5)
 U - a wand of flame (11)
 V - a wand of iceblast (9)
Scrolls
 b - 7 scrolls of vulnerability
 c - 5 scrolls of poison
 e - 6 scrolls of fear
 h - 6 scrolls of teleportation
 m - a scroll of silence
 s - a scroll of brand weapon
 v - 5 scrolls of magic mapping
 y - 2 scrolls of blinking
 H - 4 scrolls of immolation
Potions
 a - 3 potions of invisibility
 d - 3 potions of magic
 f - 4 potions of haste
 i - a potion of brilliance
 j - 2 potions of might
 n - 2 potions of heal wounds
 o - 4 potions of mutation
 p - 3 potions of cancellation
 u - 2 potions of flight
 w - 9 potions of curing
 x - 3 potions of lignification
 G - 2 potions of attraction
 J - a potion of resistance
 L - 2 potions of berserk rage
Miscellaneous
 r - a phantom mirror
 z - a box of beasts


   Skills:
 + Level 22.4 Fighting
 - Level 16.0 Axes
 + Level 17.7 Armour
 - Level 2.2 Dodging
 - Level 0.5 Stealth


You had 14 spell levels left.
You didn't know any spells.
Your spell library was empty.

Dungeon Overview and Level Annotations

Branches:
Dungeon (10/15)            Temple (0/1) D:6            Lair (5/5) D:10
 Shoals (0/4) Lair:3       Spider (0/4) Lair:2        Slime (0/5) Lair:5
    Orc (2/2) D:9           IceCv (visited)         Volcano (visited)
    Elf: Orc:2

Altars:
Cheibriados
Hepliaklqana
Kikubaaqudgha
Makhleb
Nemelex Xobeh
Okawaru
Ru
Uskayaw
Vehumet
Wu Jian

Shops:
D:2 :*(*!   D:4 :![   D:5 (!   Orc:1 [

Annotations:
D:6 3 runed translucent doors, gdog's ghost, novice GnDe
Lair:4 exclusion: oklob plant
Orc:1 2 transporters, Dmuffinman's ghost, journeyman MiBe


Innate Abilities, Weirdness & Mutations

You have a pair of horns on your head.
You reflexively headbutt those who attack you in melee.


Message History

You kill the orc sorcerer!
Trog accepts your kill.
Trog appreciates your killing of a magic user.
You barely miss the orc knight.
The orc knight is lightly wounded.
The orc knight no longer looks unusually strong.
The orc warrior no longer looks unusually strong. x2
The orc high priest calls upon Beogh to heal the orc high priest.
The orc high priest's wounds heal themselves!
The orc high priest is engulfed in a cloud of scalding steam.
The orc high priest hits you but does no damage.
The orc warrior hits you but does no damage.
The red devil hits you but does no damage.
You slash the orc knight! You burn the orc knight.
The orc knight is moderately wounded.
You slice the orc knight!! You burn the orc knight!
The orc knight is almost dead.
The orc knight roars a battlecry!
The orcs go into a battle-frenzy!
The orc high priest hits you from afar with a +0 trident.
* * * LOW HITPOINT WARNING * * *
The orc warrior hits you from afar with a +0 trident!
* * * LOW HITPOINT WARNING * * *
The red devil hits you from afar with a +0 trident!
* * * LOW HITPOINT WARNING * * *
Barbed spikes become lodged in your body.
You slice the orc wizard!! You burn the orc wizard.
You kill the orc wizard!
Trog accepts your kill.
Trog appreciates your killing of a magic user.
You slash the orc high priest! You burn the orc high priest.
You hit the orc knight. You burn the orc knight.
You completely miss the orc high priest.
The orc high priest is moderately wounded.
You completely miss the orc knight.
The orc high priest calls down the wrath of Beogh upon you.
Beogh smites you!
* * * LOW HITPOINT WARNING * * *
The orc high priest hits you from afar with a +0 trident.
You die...

...............
......§........
....§........
#......o..# #....o....#
#...4ooo..# #...)o)o..#
#...)@o4..# #..
#####.§)).####### ###..
#.....§))...#.... ......
##..#.)).......#........
#...))..##.............
##.))).................
#......................
#...##.#...............
##.####................


You could see an orc knight, 2 orc high priests, a rust devil (summoned), a red
devil (summoned), 3 orc warriors, an orc priest (strong) and an orc (strong).

Vanquished Creatures
  A frost giant (IceCv)
  2 orc warlords
  Nessos (Lair:5)
  4 hydras
  A boulder beetle (D:10)
  5 two-headed ogres
  6 catoblepae
  23 death yaks
  2 orc high priests
  Sonja (Lair:5)
  2 skeletal warriors (Volcano)
  An anaconda skeleton (Volcano)
  2 orc knights (Orc:2)
  5 orc sorcerers
  2 cyclopes (Orc:1)
  2 manticores (Lair:5)
  19 elephants
  4 torpor snails
  An ice statue (IceCv)
  6 black mambas
  4 cane toads
  6 gargoyles
  A demonic crawler (Lair:2)
  8 komodo dragons
  4 rime drakes
  8 polar bears (IceCv)
  8 trolls
  10 blink frogs
  13 dream sheep
  2 harpy skeletons (Volcano)
  8 hornets
  A snapping turtle (Lair:3)
  2 shadows (D:9)
  3 alligator skeletons (Volcano)
  2 flying skulls (Volcano)
  Eustachio (D:5)
  2 wraiths (D:9)
  6 wyverns
  73 yaks
  3 basilisks
  11 water moccasins
  26 orc warriors
  2 ice beasts
  A sky beast (D:4)
  5 ogres
  A black bear (D:4)
  26 wolves
  6 centaurs
  4 bullfrogs
  A kobold brigand (D:9)
  2 gnoll sergeants
  8 scorpions
  A necrophage (D:6)
  8 wights (D:10)
  2 spriggan skeletons (Volcano)
  2 troll skeletons (Volcano)
  A howler monkey (D:8)
  4 hounds
  2 jellies
  A gnoll bouda (Orc:1)
  19 orc priests
  5 iguanas
  26 orc wizards
  6 hell rats (Lair:4)
  A naga skeleton (Volcano)
  13 gnolls
  A river rat (D:3)
  8 adders
  2 white imps
  7 worms
  2 dart slugs
  71 orcs
  13 ball pythons
  5 endoplasms
  9 giant cockroaches
  4 goblins
  13 hobgoblins
  8 jackals
  8 kobolds
  5 quokkas
  5 bats
  7 frilled lizards
  13 rats
  A bush (Lair:5)
621 creatures vanquished.

Vanquished Creatures (collateral kills)
  A black mamba (Lair:5)
  A water moccasin (Lair:5)
2 creatures vanquished.

Vanquished Creatures (others)
  A polar bear (IceCv)
  An orc wizard (Orc:1)
  An orc (Orc:1)
  33 fungi
  41 plants
77 creatures vanquished.

Grand Total: 700 creatures vanquished

Notes
Turn   | Place    | Note
-------+----------+-------------------------------------------
     0 | D:1      | rakiston the Minotaur Berserker began the quest for the
                  | Orb.
     0 | D:1      | Reached XP level 1. HP: 19/19 MP: 0/0
    52 | D:1      | Found a burning altar of Makhleb.
    73 | D:1      | Reached skill level 4 in Fighting
   152 | D:1      | Reached XP level 2. HP: 17/27 MP: 1/1
   910 | D:1      | Reached XP level 3. HP: 34/34 MP: 2/2
  1124 | D:1      | Reached ** piety under Trog
  1215 | D:1      | Found a faded altar of an unknown god.
  1447 | D:2      | Found Fodeog's Assorted Antiques.
  1467 | D:2      | Bought a scroll labelled WEMUAST TAISM for 25 gold pieces
  1681 | D:2      | Found Riaz's Assorted Antiques.
  1693 | D:2      | Found Vavi's Weapon Emporium.
  1950 | D:2      | Found Anaga's Book Shoppe.
  2134 | D:2      | Found Eppofol's Distillery.
  2341 | D:3      | Reached XP level 4. HP: 31/41 MP: 3/3
  2416 | D:3      | Reached skill level 5 in Fighting
  2457 | D:3      | Reached skill level 5 in Axes
  2808 | D:3      | Reached *** piety under Trog
  2859 | D:3      | Found an ornate altar of the Wu Jian Council.
  3105 | D:3      | Found a glowing drain.
  3380 | D:4      | Reached XP level 5. HP: 48/48 MP: 4/4
  3424 | D:4      | Reached XP level 6. HP: 57/57 MP: 5/5
  3434 | D:4      | Reached skill level 6 in Fighting
  3488 | D:4      | Noticed a sky beast
  3495 | D:4      | Killed a sky beast
  3736 | D:4      | Found Mouv's Armour Shop.
  3785 | D:4      | Found Cenlyuc's Distillery.
  3796 | D:4      | Bought a potion of curing for 33 gold pieces
  3796 | D:4      | Bought a potion of lignification for 33 gold pieces
  3796 | D:4      | Bought a potion of flight for 33 gold pieces
  4299 | D:4      | Found Cerghu Owky's Book Emporium.
  4531 | D:5      | Entered Level 5 of the Dungeon
  4531 | D:5      | Found Meicleir's Weapon Shoppe.
  4566 | D:5      | Reached XP level 7. HP: 57/64 MP: 6/6
  4635 | D:5      | You fall into a shaft and drop 3 floors!
  4636 | D:8      | Found a hide-covered altar of Uskayaw.
  4902 | D:6      | Reached skill level 7 in Fighting
  4940 | D:6      | Found a runed translucent gate.
  4940 | D:6      | Found a runed translucent gate.
  4940 | D:6      | Noticed gdog's ghost (novice GnDe)
  4941 | D:6      | Found a runed translucent gate.
  4941 | D:6      | Noticed a troll
  4972 | D:6      | Reached skill level 10 in Axes
  4972 | D:6      | Reached XP level 8. HP: 70/73 MP: 7/7
  5353 | D:5      | Noticed Eustachio
  5360 | D:5      | Killed Eustachio
  5445 | D:5      | Reached skill level 8 in Fighting
  5478 | D:5      | Found Irexug's Distillery.
  5505 | D:5      | Bought a potion of curing for 33 gold pieces
  5505 | D:5      | Bought a potion of attraction for 33 gold pieces
  5545 | D:5      | Reached **** piety under Trog
  5696 | D:5      | Found an ancient bone altar of Kikubaaqudgha.
  5707 | D:5      | Found a radiant altar of Vehumet.
  6127 | D:6      | Found a staircase to the Ecumenical Temple.
  6388 | D:7      | Reached XP level 9. HP: 82/82 MP: 8/8
  7198 | D:8      | Noticed a two-headed ogre
  7204 | D:8      | Killed a two-headed ogre
  7205 | D:8      | Reached skill level 9 in Fighting
  7513 | D:8      | Noticed a troll
  7519 | D:8      | Killed a troll
  8290 | D:9      | Noticed a troll
  8298 | D:9      | Killed a troll
  8370 | D:9      | Noticed a two-headed ogre
  8378 | D:9      | Killed a two-headed ogre
  8379 | D:9      | Reached skill level 10 in Fighting
  8379 | D:9      | Reached XP level 10. HP: 93/93 MP: 9/9
  8423 | D:9      | Found a staircase to the Orcish Mines.
  8437 | D:9      | Reached skill level 15 in Axes
  8693 | D:9      | Found a hazy altar of Hepliaklqana.
  8956 | D:9      | Reached skill level 11 in Fighting
  9312 | D:9      | Found the +5 robe of Night {Dark Will+ SInv}
  9598 | D:10     | Entered Level 10 of the Dungeon
  9630 | D:10     | Reached skill level 5 in Armour
  9636 | D:10     | Reached skill level 12 in Fighting
  9637 | D:10     | Reached XP level 11. HP: 104/104 MP: 10/10
  9723 | D:10     | Found a staircase to the Lair.
  9919 | D:10     | Identified the +7 plate armour of the Salamander {Slay+3}
  9959 | D:10     | Found an iron altar of Okawaru.
 10161 | D:10     | Noticed a catoblepas
 10161 | D:10     | Found the +10 dark maul {vorpal}
 10161 | D:10     | Noticed a two-headed ogre
 10164 | D:10     | Noticed a boulder beetle
 10177 | D:10     | Killed a catoblepas
 10192 | D:10     | Killed a two-headed ogre
 10193 | D:10     | Reached skill level 13 in Fighting
 10216 | D:10     | Killed a boulder beetle
 10629 | D:10     | Noticed a two-headed ogre
 10636 | D:10     | Killed a two-headed ogre
 10655 | D:10     | Found a sacrificial altar of Ru.
 10745 | D:10     | Noticed a two-headed ogre
 10751 | D:10     | Killed a two-headed ogre
 10820 | D:10     | Identified the +11 flail of Stickiness {pain, rCorr}
 11026 | Lair:1   | Entered Level 1 of the Lair of Beasts
 11038 | Lair:1   | Reached skill level 14 in Fighting
 11499 | Lair:1   | Reached skill level 10 in Armour
 11597 | Lair:1   | Reached XP level 12. HP: 109/118 MP: 11/11
 12025 | Lair:2   | Found a frozen archway.
 12051 | IceCv    | Entered an ice cave
 12152 | IceCv    | Noticed a death yak
 12168 | IceCv    | Killed a death yak
 12414 | IceCv    | Reached skill level 15 in Fighting
 12419 | IceCv    | Reached ***** piety under Trog
 12736 | IceCv    | Noticed a death yak
 12747 | IceCv    | Killed a death yak
 12794 | IceCv    | Noticed a death yak
 12795 | IceCv    | Noticed a death yak
 12804 | IceCv    | Killed a death yak
 12805 | IceCv    | Reached skill level 16 in Fighting
 12807 | IceCv    | Killed a death yak
 13011 | IceCv    | Noticed a death yak
 13011 | IceCv    | Noticed a death yak
 13011 | IceCv    | Noticed a frost giant
 13011 | IceCv    | Noticed a death yak
 13018 | IceCv    | Killed a death yak
 13024 | IceCv    | Killed a frost giant
 13032 | IceCv    | Killed a death yak
 13038 | IceCv    | Killed a death yak
 13069 | IceCv    | Identified the ring of Plog {rPois rF+ rC- rN+ Slay+5}
 13525 | Lair:2   | Found a snail-covered altar of Cheibriados.
 13536 | Lair:2   | Reached XP level 13. HP: 119/130 MP: 12/12
 13614 | Lair:2   | Reached skill level 17 in Fighting
 13710 | Lair:2   | Found a hole to the Spider Nest.
 13772 | Lair:2   | Received a gift from Trog
 14601 | Lair:3   | Found a dark tunnel.
 14613 | Volcano  | Entered a volcano
 14677 | Volcano  | Reached skill level 18 in Fighting
 15392 | Lair:3   | Reached skill level 15 in Armour
 15775 | Lair:3   | Identified the ring "Luschak" {rC+++ MP+9 Str+6 Int-3
                  | Slay-6}
 16009 | Lair:3   | Found a staircase to the Shoals.
 16242 | Lair:4   | Reached skill level 19 in Fighting
 16271 | Lair:4   | Reached XP level 14. HP: 129/146 MP: 13/13
 17127 | Lair:5   | Entered Level 5 of the Lair of Beasts
 17144 | Lair:5   | Reached ****** piety under Trog
 17232 | Lair:5   | Reached skill level 20 in Fighting
 17405 | Lair:5   | Received a gift from Trog
 17486 | Lair:5   | Noticed Sonja
 17493 | Lair:5   | Killed Sonja
 17623 | Lair:5   | Noticed Nessos
 17628 | Lair:5   | Killed Nessos
 17693 | Lair:5   | Reached skill level 21 in Fighting
 17872 | Lair:5   | Found a sparkling altar of Nemelex Xobeh.
 17993 | Lair:5   | Reached XP level 15. HP: 111/160 MP: 14/14
 18197 | Lair:5   | Found a staircase to the Slime Pits.
 18768 | Orc:1    | Entered Level 1 of the Orcish Mines
 18941 | Orc:1    | Found Nufoal's Armour Emporium.
 19017 | Orc:1    | Found a transporter.
 19037 | Orc:1    | Received a gift from Trog
 19094 | Orc:1    | Found a transporter.
 19094 | Orc:1    | Noticed Dmuffinman's ghost (journeyman MiBe)
 19336 | Orc:1    | Noticed an orc warlord
 19349 | Orc:1    | Reached skill level 22 in Fighting
 19350 | Orc:1    | Killed an orc warlord
 19540 | Orc:2    | Entered Level 2 of the Orcish Mines
 19651 | Orc:2    | Noticed an orc warlord
 19668 | Orc:2    | Killed an orc warlord
 19685 | Orc:2    | HP: 12/243 [red devil/+0 trident[an orc high priest] (11)]
 19687 | Orc:2    | HP: 3/243 [orc high priest/divine providence (11)]
 19687 | Orc:2    | Slain by an orc high priest

Illustrated notes

Levels and vault maps discovered:
D:1:      ncdulo_smallfort, layout_loops_ring,
          dilly_ecumenical_altar_fadedgnrine, serial_rivers,
          chequers_serial_rivers_large_a, chequers_serial_rivers_micro_d,
          chequers_serial_rivers_micro_a, chequers_serial_rivers_micro_d,
          chequers_serial_rivers_large_b, corexii_leaking_fountain,
          minivault_24, minmay_hexomino_r4
D:2:      minmay_evil_eye, layout_basic, serial_shops,
          nicolae_shop_overgrown_old_shop, shop_fountains, nicolae_diamond_shop,
          nicolae_shop_waterfront, nicolae_diamond_shop,
          kennysheep_pointless_box
D:3:      layout_basic, mainiacjoe_overflow_chevrons, portal_sewer_entry_e,
          chequers_avenue
D:4:      layout_layer_cave, serial_shops, nicolae_shop_waterfront, shop,
          nicolae_stop_n_shop_1, chequers_serial_rivers_micro_e,
          minmay_surrounded
D:5:      layout_loops_ring, nicolae_overflow_squiral, serial_shops,
          nicolae_shop_stone, nicolae_shop_hallway_stairs, glass_columns_a,
          hangedman_decor_lopped, hex_tiny, uniq_eustachio
D:6:      layout_cave_pools, minmay_temple_entry_gardened_gates,
          gammafunk_ghost_split
D:7:      layout_cave_pools, serial_glass, glass_columns_c, glass_columns_c,
          david_defended_altar_orc
D:8:      layout_loops_corners, mainiacjoe_overflow_small_starburst
D:9:      layout_long_grid, mainiacjoe_overflow_catwalk, david_orc_5,
          hellmonk_guarded_unrand_night
D:10:     minmay_roctagon, layout_irregular_city, mainiacjoe_overflow_alcove_2,
          mainiacjoe_overflow_cross_hatched, minmay_lair_entry_grove
Lair:1:   layout_regular_city, serial_bayou_shore_b
Lair:2:   layout_loops_ring, nicolae_spider_entry_non_spiders,
          portal_ice_cave_entry_pillars_1, kennysheep_snail_temple
Lair:3:   layout_regular_city, minmay_shoals_entry_hut,
          nicolae_volcano_entry_hallway, dreamdust_wasp_nest,
          grunt_megastairs_1, serial_bayou_shore_b
Lair:4:   minmay_lair_oklob_tunnel, layout_regular_city,
          infiniplex_staircase_pool_2
Lair:5:   evilmike_catoblepas_cave, layout_misc_corridors, slime_entry_1,
          basic_altar, grunt_megastairs_5, serial_bayou_shore_b, uniq_nessos,
          uniq_sonja
Orc:1:    layout_diamond_mine, gammafunk_ghost_arena, serial_shops,
          nicolae_diamond_shop
Orc:2:    st_orc_congregation, layout_caves, serial_shops, shop,
          minmay_orc_temple_a

Skill      XL: |  1  2  3  4  5  6  7  8  9 10 11 12 13 14 15 |
---------------+----------------------------------------------+-----
Fighting       | 4 5 6 7 8 10 12 14 16 19 21 22 | 22.4
Axes           | 4 5 6 8 10 12 14 16 | 16.0
Armour         | 5 10 13 15 17 | 17.7
Dodging        | |  2.2
Stealth        | |  0.5

Action                   |  1- 3 |  4- 6 |  7- 9 | 10-12 | 13-15 || total
-------------------------+-------+-------+-------+-------+-------++-------
Melee: Hand axe          |   130 |   124 |   116 |       |       ||   370
       Headbutt          |    14 |    20 |    34 |   103 |   125 ||   296
       Punch             |       |     1 |     1 |     8 |     6 ||    16
       War axe           |       |       |    45 |   429 |       ||   474
       Battleaxe         |       |       |       |     4 |    39 ||    43
       Broad axe         |       |       |       |       |   452 ||   452
Throw: Stone             |    27 |       |       |       |       ||    27
       Dart              |       |     3 |       |    14 |     4 ||    21
Invok: Berserk           |       |     2 |     6 |     7 |     3 ||    18
       Trog's Hand       |       |       |       |     1 |     3 ||     4
       Brothers in Arms  |       |       |       |       |     1 ||     1
Evoke: Wand              |       |       |       |       |     1 ||     1
  Use: Scroll            |     3 |     5 |     9 |     2 |     5 ||    24
       Potion            |     2 |     2 |     1 |     3 |       ||     8
Armor: Animal skin       |     7 |       |       |       |       ||     7
       Scale mail        |     9 |       |       |       |       ||     9
       Ring mail         |     8 |       |       |       |       ||     8
       Chain mail        |     3 |    28 |       |       |       ||    31
       Plate armour      |       |    33 |    74 |   195 |   285 ||   587
Dodge: Dodged            |    71 |    38 |    49 |   111 |   139 ||   408
